 Dungeon Crawl Stone Soup version 0.31-a0-40-g1d5085d191 (webtiles) character file.

Game seed: 14191800613991128997

2856 pk666 the Thaumaturge (level 9, 0/45 HPs)
             Began as a Deep Elf Fire Elementalist on May 18, 2023.
             Was a Follower of Vehumet.
             Slain by a thrashing horror (6 damage)
             ... on level 1 of the Abyss.
             The game lasted 00:17:55 (9498 turns).

pk666 the Thaumaturge (Deep Elf Fire Elementalist)  Turns: 9498, Time: 00:17:55

Health: 0/45       AC:  5    Str:  5    XL:     9   Next: 46%
Magic:  27/33      EV: 16    Int: 25    God:    Vehumet [*.....]
Gold:   286        SH:  5    Dex: 15    Spells: 19/26 levels left

rFire   . . .        r - +2 dagger (freeze)
rCold   . . .        (no shield)
rNeg    . . .        a - +0 robe
rPois   .            (no helmet)
rElec   .            z - +0 cloak
rCorr   .            s - +0 pair of gloves
SInv    .            F - +0 pair of boots
Will    .....        A - amulet of reflection
Stlth   ++           H - ring of magical power
HPRegen 0.27/turn    (no ring)
MPRegen 0.23/turn

%: reflection
@: hasted, very quick
A: no striking features
a: Renounce Religion


You were on level 1 of the Abyss.
You worshipped Vehumet.
Vehumet was aware of your devotion.
You visited 2 branches of the dungeon, and saw 10 of its levels.
You visited the Abyss 1 time.

You collected 646 gold pieces.
You spent 360 gold pieces at shops.

Inventory:

Hand Weapons
 r - a +2 dagger of freezing (weapon)
Missiles
 y - 2 throwing nets
Armour
 a - a +0 robe (worn)
 s - a +0 pair of gloves (worn)
 z - a +0 cloak (worn)
 F - a +0 pair of boots (worn)
Jewellery
 A - an amulet of reflection (around neck)
 H - a ring of magical power (left hand)
Wands
 t - a wand of light (5)
 u - a wand of paralysis (8)
 D - a wand of roots (7)
 E - a wand of mindburst (14)
 G - a wand of digging (6)
Scrolls
 c - 2 scrolls of enchant weapon
 k - 2 scrolls of blinking
 l - a scroll of enchant armour
 m - a scroll of amnesia
 p - a scroll of vulnerability
 q - 2 scrolls of magic mapping
 B - a scroll of teleportation {unknown}
 C - a scroll of poison {unknown}
Potions
 b - a potion of magic
 d - a potion of resistance {unknown}
 e - a potion of cancellation {unknown}
 f - 2 potions of haste
 h - 2 potions of lignification
 j - 5 potions of curing
 n - a potion of mutation {unknown}
 w - a potion of berserk rage {unknown}
 x - a potion of might
 I - a potion of heal wounds
 J - 3 potions of flight


   Skills:
 + Level 8.2 Dodging
 - Level 2.4 Stealth
 + Level 9.1 Spellcasting
 + Level 7.1 Conjurations
 + Level 7.9 Fire Magic


You had 19 spell levels left.
You knew the following spells:

 Your Spells              Type           Power      Damage    Failure   Level
a - Foxfire               Conj/Fire      100%       2x1d9     1%          1
b - Scorch                Fire           100%       2d9       1%          2
c - Flame Wave            Conj/Fire      49%        2d12      2%          4

Your spell library contained the following spells:

 Spells                   Type           Power      Damage    Failure   Level
 Kiss of Death            Conj/Necr      100%       2d13      1%          1
 Inner Flame              Hex/Fire       31%        N/A       3%          3
 Stone Arrow              Conj/Erth      58%        3d10      3%          3
 Volatile Blastmotes      Fire/Tloc      62%        2d15      3%          3
 Apportation              Tloc           22%        N/A       5%          1
 Beastly Appendage        Tmut           22%        N/A       5%          1
 Necrotise                Necr           44%        1d6       5%          1
 Sandblast                Erth           22%        2d7       5%          1
 Summon Small Mammal      Summ           44%        N/A       5%          1
 Passwall                 Tmut/Erth      9%         N/A       9%          2
 Wereblood                Tmut           11%        N/A       9%          2
 Ozocubu's Armour         Ice            11%        N/A       16%         3
 Spider Form              Tmut/Pois      11%        N/A       16%         3
 Ice Form                 Ice/Tmut       11%        N/A       47%         4
 Alistair's Intoxication  Tmut/Pois      7%         N/A       83%         5
 Conjure Ball Lightning   Conj/Air       14%        3x3d6     88%         6
 Simulacrum               Ice/Necr       5%         N/A       100%        6
 Summon Cactus Giant      Summ           5%         N/A       100%        6
 Ozocubu's Refrigeration  Ice            5%         4d8       100%        7
 Discord                  Hex            5%         N/A       100%        8
 Disjunction              Tloc           5%         N/A       100%        8


Dungeon Overview and Level Annotations

Branches:
Dungeon (9/15)             Temple (1/1) D:6             Orc (0/2) D:9
   Lair: D:8-11

Altars:
Ashenzari
Cheibriados
Dithmenos
Elyvilon
Fedhas
Gozag
Hepliaklqana
Kikubaaqudgha
Makhleb
Nemelex Xobeh
Okawaru
Qazlal
Ru
Sif Muna
Trog
Uskayaw
Vehumet
Xom
Yredelemnul
Zin
The Shining One

Shops:
D:5 *   D:7 =*:[

Annotations:
D:5 exclusion: two-headed ogre
D:9 Erolcha, Psyche


Message History

The thrashing horror is heavily damaged.
The flame wave engulfs the thrashing horror but does no damage.
The thrashing horror is lightly damaged.
The flame wave engulfs the flying skull.
The flying skull resists.
The flying skull is lightly damaged.
You finish channelling waves of flame.
The thrashing horror is no longer more vulnerable to fire.
The thrashing horror misses you.
The thrashing horror tramples you but does no damage.
The thrashing horror closely misses you.
The thrashing horror tramples you.
You hold your ground!
The flying skull hits you.
Blink to where?
Press: ? - help, Dir - move target
As you read the scroll of blinking, it crumbles to dust.
You feel much better.
The thrashing horror completely misses you.
You block the thrashing horror's attack.
A great orb of eyes comes into view.
You feel yourself speed up.
The thrashing horror closely misses you.
The thrashing horror tramples you.
You hold your ground!
The thrashing horror tramples you.
You hold your ground!
The thrashing horror tramples you but does no damage.
The thrashing horror tramples you.
You hold your ground!
The thrashing horror closely misses you.
You block the thrashing horror's attack.
The thrashing horror closely misses you.
A flying skull comes into view.
The thrashing horror tramples you!
* * * LOW HITPOINT WARNING * * *
You stumble backwards!
A large abomination comes into view.
The thrashing horror tramples you.
* * * LOW HITPOINT WARNING * * *
You stumble backwards!
The thrashing horror closely misses you.
The thrashing horror tramples you.
You die...

#.### z#
.... . .##
.... #.###.#
### ..#
#..#..###
#..#..####
#......###
..#....
#.....#.##
#...# ####
#.X#.###@.#
#.z##.#X##.#
#...#..## .#
#.#.Gz## ..
X.#.#.## #.
#.#####.# #
.. ... #
###.# .#


You could see a great orb of eyes, a thrashing horror and a flying skull.

Vanquished Creatures
  A troll (D:7)
  A large abomination (Abyss:1)
  A water moccasin (D:5)
  An ice beast (D:6)
  A black bear (D:6)
  A sky beast (D:6)
  An orc warrior (D:8)
  A centaur (D:6)
  2 ogres
  A phantom (D:6)
  3 bullfrogs
  A scorpion (D:4)
  3 wights (D:8)
  8 killer bees
  2 hounds
  4 gnoll boudas
  3 jellies
  4 iguanas
  6 orc wizards
  25 gnolls
  6 adders
  3 ufetubi
  2 worms
  A dart slug (D:1)
  32 orcs
  10 endoplasms
  A giant cockroach (D:2)
  7 goblins
  2 hobgoblins
  7 jackals
  7 kobolds
  3 quokkas
  9 ball pythons
  4 bats
  6 frilled lizards
  4 rats
174 creatures vanquished.

Vanquished Creatures (others)
  422 foxfires
422 creatures vanquished.

Grand Total: 596 creatures vanquished

Notes
Turn   | Place    | Note
-------+----------+-------------------------------------------
     0 | D:1      | pk666 the Deep Elf Fire Elementalist began the quest for
                  | the Orb.
     0 | D:1      | Reached XP level 1. HP: 10/10 MP: 6/6
   147 | D:1      | Reached XP level 2. HP: 15/15 MP: 2/8
  1104 | D:2      | Reached XP level 3. HP: 19/19 MP: 8/10
  1107 | D:2      | Learned a level 2 spell: Scorch
  1903 | D:3      | Reached XP level 4. HP: 24/24 MP: 8/11
  2220 | D:3      | Reached skill level 4 in Spellcasting
  2847 | D:4      | Noticed a scorpion
  2853 | D:4      | Killed a scorpion
  2854 | D:4      | Reached XP level 5. HP: 28/28 MP: 6/13
  3376 | D:4      | Learned a level 4 spell: Flame Wave
  3609 | D:5      | Entered Level 5 of the Dungeon
  3652 | D:5      | Found Oduamn's Assorted Antiques.
  3739 | D:5      | Reached XP level 6. HP: 32/32 MP: 4/15
  3846 | D:5      | Identified the +6 short sword of Josufas {drain, rF++ rC+
                  | Int+3}
  3871 | D:5      | Reached skill level 5 in Spellcasting
  3956 | D:5      | Noticed a two-headed ogre
  3966 | D:5      | Noticed a water moccasin
  3972 | D:5      | Killed a water moccasin
  3973 | D:5      | Reached skill level 5 in Fire Magic
  4187 | D:5      | Reached skill level 5 in Dodging
  4187 | D:5      | Reached XP level 7. HP: 25/36 MP: 0/17
  4998 | D:5      | Reached skill level 6 in Spellcasting
  5165 | D:6      | Found a staircase to the Ecumenical Temple.
  5178 | Temple   | Entered the Ecumenical Temple
  5526 | D:6      | Identified the +0 leather armour of Wrong Decisions {rElec}
  5652 | D:6      | Reached skill level 5 in Conjurations
  5652 | D:6      | Reached XP level 8. HP: 27/41 MP: 8/20
  5853 | D:6      | Reached skill level 7 in Spellcasting
  6087 | D:6      | Got the Precepts of the Deep Freeze
  6098 | D:6      | Found a snail-covered altar of Cheibriados.
  6098 | D:6      | Found a radiant altar of Vehumet.
  6119 | D:6      | Became a worshipper of Vehumet
  6800 | D:7      | Noticed a troll
  6891 | D:7      | Found Oruell's Book Boutique.
  6893 | D:7      | Found Ycairoat's Jewellery Boutique.
  6893 | D:7      | Found Circhici's Assorted Antiques.
  6896 | D:7      | Found Amelig's Armour Boutique.
  6910 | D:7      | Bought an amulet of reflection for 360 gold pieces
  6968 | D:7      | Found a sacrificial altar of Ru.
  6968 | D:7      | Found an ancient bone altar of Kikubaaqudgha.
  7248 | D:7      | Found a burning altar of Makhleb.
  7248 | D:7      | Found a hide-covered altar of Uskayaw.
  7437 | D:7      | Killed a troll
  7438 | D:7      | Reached skill level 8 in Spellcasting
  8034 | D:8      | Reached XP level 9. HP: 45/45 MP: 18/23
  8408 | D:8      | Reached * piety under Vehumet
  8408 | D:8      | Offered knowledge of Kiss of Death by Vehumet.
  9017 | D:8      | Reached skill level 9 in Spellcasting
  9275 | D:9      | Noticed Erolcha
  9275 | D:9      | Noticed Psyche
  9293 | Abyss:1  | Cast into level 1 of the Abyss (Erolcha)
  9485 | Abyss:1  | Noticed a thrashing horror
  9487 | Abyss:1  | Noticed a thrashing horror
  9492 | Abyss:1  | Noticed a great orb of eyes
  9494 | Abyss:1  | Noticed a large abomination
  9498 | Abyss:1  | Slain by a thrashing horror

Illustrated notes

Levels and vault maps discovered:
D:1:      heliophobic_arrival_enchanted_forest, layout_loops_ring,
          minmay_stone_trees_large
D:2:      layout_basic
D:3:      layout_basic, kennysheep_nub, minmay_misc_feat_nine_boxes,
          st_stairs_6, kennysheep_flooded_box
D:4:      layout_rooms
D:5:      layout_rooms, serial_shops, nicolae_shop_stone, kennysheep_boxes
D:6:      layout_gridville, gammafunk_temple_overflow_wave, temple_statues
D:7:      layout_gridville, gammafunk_temple_overflow_pools,
          nicolae_overflow_two_pavilions, minmay_shop_grid_forest, st_stairs_9
D:8:      layout_rooms, nrook_loot_triangle
D:9:      layout_loops_ring, nicolae_wu_jian_wuxing_cycle, david_orc_4,
          chequers_decorated_corner, kennysheep_windowed_goal, uniq_psyche,
          uniq_erolcha
Temple:   eino_wide_crystal_templ
Abyss:1:  base: D:5, lemuel_flamethrower_hall

Skill      XL: |  1  2  3  4  5  6  7  8  9 |
---------------+----------------------------+-----
Dodging        | 3 4 5 6 7 8 |  8.2
Conjurations   | 2 3 4 5 6 7 |  7.1
Spellcasting   | 4 5 6 8 9 |  9.1
Fire Magic     | 4 5 6 7 |  7.9
Stealth        | |  2.4

Action                     |  1- 3 |  4- 6 |  7- 9 || total
---------------------------+-------+-------+-------++-------
  Melee: Dagger            |       |       |     1 ||     1
   Cast: Foxfire           |    74 |    69 |   106 ||   249
         Scorch            |       |    36 |   112 ||   148
         Flame Wave        |       |       |     4 ||     4
    Use: Scroll            |       |     3 |    12 ||    15
         Potion            |       |       |     2 ||     2
 Armour: Robe              |     1 |     1 |    18 ||    20
         Skin              |       |       |     1 ||     1
  Dodge: Dodged            |     6 |     5 |    70 ||    81
  Block: Other             |       |       |     7 ||     7

Table legend: (Time is in decaauts)
 A = Elapsed time spent in this place.
 B = Non-inter-level travel time spent in this place.
 C = Inter-level travel time spent in this place.
 D = Time resting spent in this place.
 E = Time spent auto-exploring this place.
 F = Levels seen in this place.
 G = Mean time per level.
                   A        B        C        D        E       F      G
               +--------+--------+--------+--------+--------+-----+--------+
         Total |   9498 |   9083 |    415 |   2030 |   5866 |  11 |  863.5 |
       Dungeon |   9223 |   8815 |    408 |   1946 |   5751 |   9 | 1024.8 |
        Temple |     71 |     64 |      7 |      0 |     51 |   1 |   71.0 |
         Abyss |    203 |    203 |      0 |     84 |     64 |   1 |  203.0 |
               +--------+--------+--------+--------+--------+-----+--------+

Top non-repeatable levels by time:
     D:6: 1725 daAuts
     D:5: 1472 daAuts
     D:7: 1341 daAuts
     D:1: 967 daAuts
     D:3: 945 daAuts
     D:4: 922 daAuts
     D:8: 917 daAuts
     D:2: 772 daAuts
 Abyss:1: 203 daAuts
     D:9: 158 daAuts
  Temple: 71 daAuts
